 Dungeon Crawl Stone Soup version 0.30.1-9-gdf580d7c3d (webtiles) character file.

Game seed: 14285231020904103090

333 KittyFluff the Cudgeller (level 6, -2/38 HPs)
             Began as a Gargoyle Berserker on Oct 14, 2023.
             Was a Believer of Trog.
             Slain by an orc
             ... wielding a +2 flail of holy wrath
              (4 damage)
             ... on level 4 of the Dungeon.
             The game lasted 00:10:55 (2711 turns).

KittyFluff the Cudgeller (Gargoyle Berserker)       Turns: 2711, Time: 00:10:55

Health: -2/38      AC: 11    Str: 22    XL:     6   Next: 53%
Magic:  6/6        EV: 10    Int:  8    God:    Trog [**....]
Gold:   164        SH:  6    Dex:  9    Spells: 5/5 levels left

rFire   . . .        a - +0 mace
rCold   . . .        z - +0 kite shield
rNeg    + . .        d - +0 leather armour
rPois   ∞            (no helmet)
rElec   +            s - +0 cloak
rCorr   .            b - +1 pair of gloves
SInv    .            (no boots)
Will    .....        (no amulet)
Stlth   +            (no ring)
HPRegen 0.26/turn    (no ring)
MPRegen 0.10/turn

%: no passive effects
@: no status effects
A: sickness immunity, AC +4, negative energy resistance 1, electricity
resistance, torment resistance 1, petrification resistance
a: Renounce Religion, Berserk, Trog's Hand


You were on level 4 of the Dungeon.
You worshipped Trog.
Trog was pleased with you.
You visited 1 branch of the dungeon, and saw 4 of its levels.

You collected 164 gold pieces.

Inventory:

Hand Weapons
 a - a +0 mace (weapon)
 r - a +2 quarterstaff of chaos
 v - a +0 morningstar
Missiles
 q - 4 poisoned darts (quivered)
 E - 4 javelins
Armour
 b - a +1 pair of gloves (worn)
 d - a +0 leather armour (worn)
 m - an orb of mayhem
 n - a +0 robe of willpower
 s - a +0 cloak (worn)
 z - a +0 kite shield (worn)
Jewellery
 o - an amulet of magic regeneration
Wands
 t - a wand of light (12)
 y - a wand of flame (14)
Scrolls
 c - 2 scrolls of magic mapping {unknown}
 e - a scroll of vulnerability {unknown}
 f - a scroll of noise {unknown}
 g - 2 scrolls of teleportation {unknown}
 j - 4 scrolls of identify {unknown}
 p - a scroll of fog {unknown}
 w - 2 scrolls of amnesia {unknown}
 C - a scroll of immolation {unknown}
 D - a scroll of blinking {unknown}
Potions
 h - a potion of mutation {unknown}
 i - 2 potions of curing {unknown}
 k - 3 potions of brilliance {unknown}
 l - 2 potions of heal wounds {unknown}
 u - a potion of invisibility {unknown}
 x - a potion of haste {unknown}
 A - a potion of might {unknown}
 B - 2 potions of ambrosia {unknown}


   Skills:
 + Level 4.2 Fighting
 * Level 4.8 Maces & Flails
 * Level 4.5 Armour
 + Level 2.6 Dodging


You had 5 spell levels left.
You didn't know any spells.
Your spell library was empty.

Dungeon Overview and Level Annotations

Branches:
Dungeon (4/15)             Temple (0/1) D:4

Altars:
Vehumet


Innate Abilities, Weirdness & Mutations

You are immune to sickness and miasma.
Your stone body is resilient. (AC +4)
You are immune to poison.
You resist negative energy. (rN+)
You are resistant to electric shocks. (rElec)
You are resistant to unholy torment.
You are immune to petrification.


Message History

A magic dart appears from out of thin air!
The magic dart hits you but does no damage.
You closely miss something. You block the goblin's attack.
Something hits you but does no damage.
You barely miss the goblin. Something hits you.
The goblin hits you but does no damage. The goblin hits you with a +0 dagger.
Something hits you.
You barely miss the goblin. The goblin closely misses you.
Something hits you but does no damage.
You hit the goblin.
The goblin is moderately wounded.
The goblin hits you but does no damage. Something hits you.
You barely miss the goblin. Something hits you.
* * * LOW HITPOINT WARNING * * *
The goblin hits you but does no damage. The goblin hits you with a +0 dagger.
* * * LOW HITPOINT WARNING * * *
Something hits you but does no damage.
You hit the goblin.
You kill the goblin!
Trog accepts your kill. Something hits you but does no damage.
You hit something. You block the orc's attack. Something completely misses you.
You miss something. The orc hits you with a +0 short sword.
* * * LOW HITPOINT WARNING * * *
Something hits you.
* * * LOW HITPOINT WARNING * * *
You barely miss something. Something hits you.
* * * LOW HITPOINT WARNING * * *
The orc closely misses you.
You hear some strange, mumbled words.
A puff of flame appears from out of thin air!
The puff of flame hits you.
* * * LOW HITPOINT WARNING * * *
The orc hits you but does no damage.
You completely miss the orc.
An orc wizard appears from thin air!
Reactivating autopickup.
The orc hits you with a +0 short sword.
* * * LOW HITPOINT WARNING * * *
The orc hits you with a +2 flail of holy wrath.
You die...

#####.########.#
#......#######.#
#.###.#........#
#.# #.#.########
#)# #.#.####
#.###+#...)####
#.##.<........#
#.#...........#
#.#......o@o..#
#.#.######o####
#.#.# .o. #...#
..... #..##
.......
#######.##
#.......#
#.......#
#.......#
#.###.###
#.......#
#.....#


You could see an orc wizard and 3 orcs.

Vanquished Creatures
  An ogre (D:4)
  A howler monkey (D:3)
  Crazy Yiuf (D:2)
  Jessica (D:2)
  3 orc wizards
  An adder (D:2)
  A worm (D:2)
  2 dart slugs (D:1)
  11 orcs
  2 endoplasms (D:1)
  2 giant cockroaches
  7 goblins
  2 hobgoblins (D:3)
  2 jackals (D:1)
  3 quokkas
  2 ball pythons
  6 bats
  2 frilled lizards (D:1)
  2 kobolds (D:1)
  10 rats
62 creatures vanquished.

Notes
Turn   | Place    | Note
-------+----------+-------------------------------------------
     0 | D:1      | KittyFluff the Gargoyle Berserker began the quest for the
                  | Orb.
     0 | D:1      | Reached XP level 1. HP: 14/14 MP: 1/1
   183 | D:1      | Reached XP level 2. HP: 16/19 MP: 2/2
   543 | D:1      | Reached XP level 3. HP: 23/23 MP: 3/3
   945 | D:2      | Found a radiant altar of Vehumet.
   951 | D:2      | Identified the +5 long sword of Bodily Humours {venom, Fly
                  | rF- Will+ rCorr}
   984 | D:2      | Noticed Jessica
   989 | D:2      | Killed Jessica
   990 | D:2      | Reached XP level 4. HP: 20/28 MP: 4/4
  1215 | D:2      | Found a runed translucent door.
  1216 | D:2      | Noticed Crazy Yiuf
  1223 | D:2      | Killed Crazy Yiuf
  1530 | D:3      | Found a faded altar of an unknown god.
  1585 | D:3      | Reached ** piety under Trog
  1627 | D:3      | Reached XP level 5. HP: 26/33 MP: 5/5
  2463 | D:4      | Found a staircase to the Ecumenical Temple.
  2499 | D:4      | Noticed an ogre
  2511 | D:4      | Killed an ogre
  2512 | D:4      | Reached XP level 6. HP: 17/38 MP: 6/6
  2711 | D:4      | Slain by an orc

Illustrated notes

Levels and vault maps discovered:
D:1:      scummos_arrival_forest, layout_basic, interstate_on_off,
          corexii_leaking_fountain
D:2:      layout_basic, basic_altar, uniq_jessica, uniq_crazy_yiuf_cottage
D:3:      layout_rooms, shapermc_ecumenical_altar_ellora, serial_glass,
          glass_columns_c, glass_columns_a, guppyfry_early_orc_mine
D:4:      layout_basic, minmay_temple_entry_trees

Skill      XL: |  1  2  3  4  5 |
---------------+----------------+-----
Armour         | 3 4 |  4.5
Dodging        | 2 |  2.6
Maces & Flails | 4 |  4.8
Fighting       | 4 |  4.2

Action                     |  1- 3 |  4- 6 || total
---------------------------+-------+-------++-------
  Melee: Mace              |    81 |   164 ||   245
         Punch             |     1 |     1 ||     2
 Invoke: Berserk           |     1 |     1 ||     2
 Armour: Animal skin       |     7 |       ||     7
         Leather armour    |    26 |    94 ||   120
  Dodge: Dodged            |    70 |    75 ||   145
  Block: Kite shield       |       |    19 ||    19
